 Dungeon Crawl Stone Soup version 0.29.1-12-g30fa7ad0bf (webtiles) character file.

Game seed: 11148451598341616941

731 sneakypete the Chopper (level 7, -4/53 HPs)
             Began as a Demonspawn Gladiator on Jan 13, 2023.
             Was an Elder of Uskayaw.
             Slain by Duvessa
             ... wielding a +0 short sword
              (5 damage)
             ... on level 5 of the Dungeon.
             The game lasted 00:20:34 (4105 turns).

sneakypete the Chopper (Demonspawn Gladiator)       Turns: 4105, Time: 00:20:34

Health: -4/53      AC: 14    Str: 16    XL:     7   Next: 45%
Magic:  7/7        EV:  6    Int:  9    God:    Uskayaw [****..]
Gold:   179        SH:  0    Dex: 15    Spells: 6/6 levels left

rFire   . . .      SeeInvis +   a - +0 war axe
rCold   . . .      Faith    .   (no shield)
rNeg    . . .      Spirit   .   k - +0 plate armour
rPois   .          Reflect  .   (helmet restricted)
rElec   .          Harm     .   (no cloak)
rCorr   .          Rampage  .   i - +1 pair of gloves
Will    .....                   (no boots)
Stlth   ..........              (no amulet)
HPRegen 0.17/turn               c - ring of see invisible
MPRegen 0.10/turn               (no ring)

@: no status effects
A: antennae 1, rugged brown scales 1, condensation shield
a: Renounce Religion, Stomp, Line Pass


You were on level 5 of the Dungeon.
You worshipped Uskayaw.
Uskayaw was noncommittal.
You visited 1 branch of the dungeon, and saw 5 of its levels.

You collected 179 gold pieces.

Inventory:

Hand Weapons
 a - a +0 war axe (weapon)
Missiles
 d - 3 throwing nets (quivered)
 e - a javelin
Armour
 i - a +1 pair of gloves (worn)
 k - a +0 plate armour (worn)
 s - a +0 ring mail
Magical Staves
 q - a staff of air
Jewellery
 c - a ring of see invisible (left hand)
Scrolls
 f - a scroll of summoning
 h - 2 scrolls of magic mapping
 j - a scroll of fog {unknown}
 r - 3 scrolls of identify
Potions
 b - 2 potions of heal wounds {unknown}
 l - 2 potions of ambrosia
 m - a potion of flight {unknown}
 n - a potion of lignification
 o - a potion of magic


   Skills:
 + Level 3.3 Fighting
 + Level 5.7 Axes
 + Level 2.0 Throwing
 + Level 2.7 Armour
 + Level 3.8 Dodging
 + Level 2.0 Stealth
 + Level 1.4 Shields


You had 6 spell levels left.
You didn't know any spells.
Your spell library contained the following spells:

 Spells                   Type           Power      Damage    Failure   Level
 Beastly Appendage        Tmut           0%         N/A       100%        1
 Magic Dart               Conj           0%         1d3       100%        1
 Ensorcelled Hibernation  Hex/Ice        0%         N/A       100%        2
 Passwall                 Tmut/Erth      0%         N/A       100%        2
 Searing Ray              Conj           0%         2d4       100%        2
 Wereblood                Tmut           0%         N/A       100%        2
 Spider Form              Tmut/Pois      0%         N/A       100%        3
 Swiftness                Air            0%         N/A       100%        3
 Fulminant Prism          Conj/Hex       0%         3d6       100%        4


Dungeon Overview and Level Annotations

Branches:
Dungeon (5/15)
 Temple: D:4-7

Altars:
Uskayaw

Annotations:
D:5 Duvessa


Innate Abilities, Weirdness & Mutations

You have a pair of small antennae on your head.
You are partially covered in rugged brown scales. (AC +1, +3% HP)
A meltable shield of frost defends you. (SH +0)


Message History

You barely miss Duvessa.
Duvessa is severely wounded.
You hit Dowan. Duvessa hits you but does no damage.
Dowan hits you but does no damage.
Dowan zaps a wand.
The puff of flame hits you but does no damage.
Duvessa says, "Where magic fails, the sword succeeds!"
Duvessa hits you with a +0 short sword.
* * * LOW HITPOINT WARNING * * *
You feel better. Duvessa barely misses you. Dowan barely misses you.
You hit Duvessa but do no damage.
Duvessa is severely wounded.
You hit Dowan.
Duvessa says, "When magic and the sword combine, nothing stands against them."
Duvessa hits you but does no damage. Dowan hits you but does no damage.
You barely miss Duvessa.
Duvessa is severely wounded.
You closely miss Dowan. Duvessa hits you with a +0 short sword.
Dowan hits you but does no damage.
You hit Duvessa.
Duvessa is severely wounded.
You hit Dowan.
You kill Dowan!
Duvessa weeps, and shakes her weapon.
Duvessa goes berserk!
Duvessa hits you with a +0 short sword. Duvessa hits you but does no damage.
Uskayaw will force your foes to share their pain.
Your Stealth skill increases to level 2!
You closely miss Duvessa.
Duvessa is heavily wounded.
Duvessa hits you but does no damage. Duvessa hits you with a +0 short sword!
* * * LOW HITPOINT WARNING * * *
You closely miss Duvessa.
Duvessa is heavily wounded.
Duvessa hits you with a +0 short sword.
* * * LOW HITPOINT WARNING * * *
Duvessa barely misses you.
You hit Duvessa.
Duvessa is severely wounded.
Duvessa hits you with a +0 short sword.
You die...

######
#....#
#....##+###
#.<........
#..†.......
#.e@.......
##.).##....
#...# .
#...# #....
#....#
.....#
.#####


You could see Duvessa (berserk).

Vanquished Creatures
  Sigmund (D:2)
  A water moccasin (D:4)
  A scorpion (D:5)
  Dowan (D:5)
  An orc priest (D:4)
  Jessica (D:2)
  Terence (D:2)
  An iguana (D:4)
  3 gnolls (D:4)
  10 adders
  3 shadow imps (D:4)
  3 white imps (D:4)
  4 ufetubi (D:4)
  A worm (D:2)
  2 dart slugs
  4 orcs (D:4)
  6 bats
  7 endoplasms
  6 giant cockroaches
  4 goblins
  5 hobgoblins
  5 kobolds
  3 quokkas
  7 ball pythons
  4 frilled lizards
  4 rats
89 creatures vanquished.

Vanquished Creatures (others)
  11 demonic plants (D:4)
  6 plants (D:4)
17 creatures vanquished.

Grand Total: 106 creatures vanquished

Notes
Turn   | Place    | Note
-------+----------+-------------------------------------------
     0 | D:1      | sneakypete the Demonspawn Gladiator began the quest for the
                  | Orb.
     0 | D:1      | Reached XP level 1. HP: 16/16 MP: 1/1
   158 | D:1      | Found a faded altar of an unknown god.
   195 | D:1      | Prayed at the altar of an unknown god.
   195 | D:1      | Became a worshipper of Uskayaw the Reveller
   195 | D:1      | Reached * piety under Uskayaw
   262 | D:1      | Gained mutation: A meltable shield of frost defends you.
                  | (SH +0) [demonic ancestry]
   262 | D:1      | Reached XP level 2. HP: 22/22 MP: 2/2
   378 | D:1      | Reached ** piety under Uskayaw
   380 | D:1      | Reached skill level 3 in Axes
   383 | D:1      | Reached *** piety under Uskayaw
   385 | D:1      | Reached **** piety under Uskayaw
   702 | D:2      | Gained mutation: You have a pair of small antennae on your
                  | head. [demonic ancestry]
   702 | D:2      | Reached XP level 3. HP: 24/27 MP: 3/3
  1115 | D:2      | Noticed Jessica
  1123 | D:2      | Killed Jessica
  1124 | D:2      | Reached XP level 4. HP: 22/34 MP: 4/4
  1155 | D:2      | Noticed Sigmund
  1168 | D:2      | Killed Sigmund
  1169 | D:2      | Reached skill level 4 in Axes
  1169 | D:2      | Reached skill level 1 in Armour
  1169 | D:2      | Reached skill level 1 in Stealth
  1169 | D:2      | Gained mutation: You are partially covered in rugged brown
                  | scales. (AC +1, +3% HP) [demonic ancestry]
  1169 | D:2      | Reached XP level 5. HP: 11/41 MP: 5/5
  1435 | D:2      | Noticed Terence
  1460 | D:2      | Killed Terence
  1461 | D:2      | Reached XP level 6. HP: 8/47 MP: 6/6
  2829 | D:4      | Reached skill level 1 in Shields
  2930 | D:4      | Reached skill level 5 in Axes
  3774 | D:4      | Reached XP level 7. HP: 53/53 MP: 7/7
  4081 | D:5      | Entered Level 5 of the Dungeon
  4081 | D:5      | Noticed Duvessa
  4081 | D:5      | Noticed Dowan
  4102 | D:5      | Killed Dowan
  4104 | D:5      | HP: 1/53 [Duvessa/+0 short sword (3)]
  4105 | D:5      | Slain by Duvessa

Illustrated notes

Levels and vault maps discovered:
D:1:      erik_arrival_blinker_ship, layout_rooms,
          shapermc_ecumenical_altar_starsandcircs
D:2:      layout_rooms, wander_ebering_terrifying_dragon_lair, uniq_jessica,
          uniq_terence, uniq_sigmund
D:3:      layout_basic, minmay_misc_feat_roman, minivault_14
D:4:      layout_gridville, serial_demonic, serial_demonic_g, serial_demonic_a,
          serial_demonic_g, serial_demonic_g, serial_demonic_g,
          serial_demonic_g, serial_demonic_b, serial_demonic_f,
          nicolae_grassy_gnolls
D:5:      layout_gridville, amcnicky_altar_gilded, minmay_temple_entry_slanted,
          uniq_duvessa

Skill      XL: |  1  2  3  4  5  6  7 |
---------------+----------------------+-----
Axes           | 3 4 5 |  5.7
Dodging        | 3 |  3.8
Throwing       | 2 |  2.0
Armour         | 1 2 |  2.7
Stealth        | 1 2 |  2.0
Fighting       | 3 |  3.3
Shields        | 1 |  1.4

Action                   |  1- 3 |  4- 6 |  7- 9 || total
-------------------------+-------+-------+-------++-------
Melee: War axe           |    71 |   174 |    46 ||   291
       Punch             |       |     5 |     1 ||     6
Invok: Stomp             |       |       |     1 ||     1
  Use: Potion            |       |     6 |     3 ||     9
       Scroll            |       |     6 |       ||     6
 Stab: Paralysed         |     2 |     5 |     3 ||    10
Armor: Leather armour    |    22 |       |       ||    22
       Ring mail         |     8 |    80 |       ||    88
       Plate armour      |       |     1 |    55 ||    56
Dodge: Dodged            |    50 |   124 |    16 ||   190
Block: Other             |     8 |    47 |    10 ||    65
